 Dungeon Crawl Stone Soup version 0.24.0-123-gd5b16e6ec5 (webtiles) character file.

Game seed: 6108263003871301569, levelgen mode: deterministic

19887 McKennaii the Thaumaturge (level 12, -4/94 HPs)
             Began as a Grey Draconian Conjurer on Jan 25, 2020.
             Was an Elder of Sif Muna.
             Slain by a vampire (12 damage)
             ... on level 14 of the Dungeon.
             The game lasted 00:47:05 (20612 turns).

McKennaii the Thaumaturge (DrCj)                   Turns: 20612, Time: 00:47:06

Health: -4/94      AC: 14    Str: 17    XL:     12   Next: 40%
Magic:  4/29       EV: 15    Int: 20    God:    Sif Muna [****..]
Gold:   510        SH:  0    Dex: 11    Spells: 26/38 levels left

rFire    . . .     SeeInvis .   m - +3 scimitar
rCold    + . .     Gourm    .   (no shield)
rNeg     . . .     Faith    .   (armour unavailable)
rPois    .         Spirit   .   (helmet restricted)
rElec    .         Reflect  .   (no cloak)
rCorr    +         Harm     .   p - +0 pair of gloves
MR       .....                  (no boots)
Stlth    ++........             o - amulet of regeneration
HPRegen  0.65/turn              x - ring of resist corrosion
MPRegen  0.21/turn              e - ring of protection from cold

@: mighty
A: walk through water, unfitting armour, unbreathing, cold-blooded, AC +13
a: Channel Magic, Forget Spell, Divine Exegesis, Renounce Religion


You were on level 14 of the Dungeon.
You worshipped Sif Muna.
Sif Muna was greatly pleased with you.
You were not hungry.

You visited 2 branches of the dungeon, and saw 16 of its levels.
You visited the Abyss 1 time.

You collected 746 gold pieces.
You spent 236 gold pieces at shops.

Inventory:

Hand Weapons
 m - a +3 scimitar (weapon)
Armour
 p - a +0 pair of gloves (worn)
Magical Staves
 H - an uncursed staff of wizardry
Jewellery
 e - a ring of protection from cold (right hand)
 f - an uncursed ring of wizardry
 o - an amulet of regeneration (around neck)
 x - a ring of resist corrosion (left hand)
 y - an uncursed ring of ice
 I - an uncursed amulet of rage {unknown}
Wands
 g - a wand of paralysis (1)
 q - a wand of acid (4)
 t - a wand of scattershot (9)
 B - a wand of iceblast (4)
 D - a wand of random effects (18)
 G - a wand of flame (12)
Scrolls
 a - 10 scrolls of remove curse
 h - 3 scrolls of immolation
 i - 3 scrolls of fear
 j - 3 scrolls of magic mapping
 k - 4 scrolls of amnesia
 l - 2 scrolls of enchant weapon
 r - 2 scrolls of fog
 w - 2 scrolls of enchant armour
 C - a scroll of blinking
 E - a scroll of acquirement
 F - 2 scrolls of brand weapon
Potions
 d - a potion of curing
 n - 2 potions of flight
 s - a potion of heal wounds
 u - 2 potions of magic
 v - 2 potions of haste
 z - a potion of might
 A - a potion of mutation {unknown}
Comestibles
 b - 16 rations


   Skills:
 + Level 5.2 Fighting
 + Level 6.8 Dodging
 + Level 3.7 Stealth
 * Level 13.6 Spellcasting
 + Level 11.3 Conjurations
 + Level 1.0 Evocations


You had 26 spell levels left.
You knew the following spells:

 Your Spells              Type           Power        Failure   Level  Hunger
a - Magic Dart            Conj           ####         1%          1    None
b - Orb of Destruction    Conj           ######....   36%         7    #######
c - Iskenderun's Mystic   Conj           ######..     1%          4    None

Your spell library contained the following spells:

 Spells                   Type           Power        Failure   Level  Hunger
 Flame Tongue             Conj/Fire      #####        1%          1    None
 Sting                    Conj/Pois      ####         1%          1    None
 Searing Ray              Conj           ######       1%          2    None
 Throw Flame              Conj/Fire      #####.       1%          2    None
 Conjure Flame            Conj/Fire      #####...     1%          3    None
 Dazzling Spray           Conj/Hex       #####.       1%          3    None
 Force Lance              Conj/Tloc      #####...     4%          4    None
 Fulminant Prism          Conj/Hex       #####.....   4%          4    None
 Sticky Flame             Conj/Fire      #####...     4%          4    None
 Fireball                 Conj/Fire      #####.....   13%         5    ####...
 Inner Flame              Hex/Fire       ##......     14%         3    None
 Recall                   Summ/Tloc      N/A          14%         3    None


Dungeon Overview and Level Annotations

Branches:
Dungeon (15/15) Temple (1/1) D:4 Lair (0/6) D:9 Orc (0/2) D:10 Vaults (0/5) D:13 D:14 Depths: D:15

Altars:
Ashenzari
Cheibriados
Dithmenos
Elyvilon
Fedhas
Gozag
Hepliaklqana
Kikubaaqudgha
Makhleb
Nemelex Xobeh
Okawaru
Qazlal
Ru
Sif Muna
Trog
Uskayaw
Vehumet
Wu Jian
Xom
Yredelemnul
Zin
The Shining One

Shops:
D:4 *   D:6 ?   D:9 [   D:11 *

Annotations:
D:12 1 runed translucent door, Azrael; Hatarum's ghost, journeyman DsFi
D:14 Rupert


Innate Abilities, Weirdness & Mutations

You can walk through water.
Your dull iron-grey scales are very hard. (AC +13)
You cannot fit into any form of body armour.
You can survive without breathing.
You are cold-blooded and may be slowed by cold attacks.


Message History

Aim: a crimson imp (hasn't noticed you)
The orb of energy hits the crimson imp!
You kill the crimson imp!
Sif Muna accepts your kill.
The orb of energy explodes!
Something hits you!
* * * LOW HITPOINT WARNING * * *
Something bites you but does no damage.
Unknown command.
Casting: Iskenderun's Mystic Blast (safe; 1% risk of failure)
Confirm with . or Enter, or press ? or * to list all spells.
You don't have enough magic to cast that spell.
Unknown command.
Casting: Iskenderun's Mystic Blast (safe; 1% risk of failure)
Confirm with . or Enter, or press ? or * to list all spells.
Okay, then.
You closely miss something. Something hits you!
* * * LOW HITPOINT WARNING * * *
Something bites you but does no damage. Something barely misses you.
Something bites you!
You die...

#. '.......#
##.##.......#
.#...........#
............#
#..........#
#.........?#
#..........#
#....∩<....###
#....<>.....@#
#............#
#............#
.'(............#
.#...............
#.............###
###########..##
...#


There were no monsters in sight!

Vanquished Creatures
  A hydra (D:15)
  Harold (D:9)
  A catoblepas (D:14)
  A centaur warrior (D:14)
  A skeletal warrior (D:13)
  An unseen horror (D:13)
  A deep elf mage (D:13)
  A wizard (D:14)
  An orc knight (D:13)
  2 ugly things
  3 manticores
  A cyclops (D:12)
  Joseph (D:8)
  2 gargoyles
  A kobold demonologist (D:13)
  2 trolls
  2 hornets
  2 slime creatures (D:12)
  A spriggan (D:7)
  5 yaks (D:9)
  A tarantella (shapeshifter) (D:14)
  2 wraiths
  A human (shapeshifter) (D:10)
  4 fire elementals
  12 humans
  A water moccasin (D:8)
  5 porcupines (D:9)
  3 hell hounds (D:12)
  An orc warrior (D:9)
  5 black bears
  2 ice beasts
  3 ogres
  3 necrophages
  A phantom (D:9)
  3 centaurs
  A centaur (shapeshifter) (D:13)
  A crocodile (D:10)
  2 big kobolds
  7 bullfrogs
  A wyvern zombie (D:14)
  A wyvern skeleton (D:12)
  4 scorpions
  5 killer bees (D:9)
  14 wights
  7 crimson imps
  6 hounds
  2 bullfrog zombies
  4 jellies
  2 centaur zombies
  3 orc priests
  4 bullfrog skeletons
  2 centaur skeletons
  Jessica (D:3)
  Ijyb (D:3)
  3 worker ants
  Natasha (thrice) (D:3)
  10 orc wizards
  A killer bee zombie (D:8)
  2 hound zombies
  A worker ant zombie (D:6)
  4 gnolls
  10 adders
  A shadow imp (D:5)
  An ooze (D:3)
  2 adder skeletons (D:9)
  An adder zombie (D:9)
  7 worms
  3 dart slugs
  3 leopard geckos
  45 orcs
  3 ball pythons
  9 bats
  5 giant cockroaches
  8 goblins
  6 hobgoblins
  7 jackals
  24 kobolds
  5 quokkas
  7 frilled lizards
  3 leopard gecko skeletons
  A leopard gecko zombie (D:5)
  2 quokka skeletons
  A quokka zombie (D:8)
  11 rats
335 creatures vanquished.

Vanquished Creatures (others)
  2 slime creatures (D:12)
  An orc wizard (D:4)
  34 fungi (D:9)
  10 plants (D:9)
  2 starspawn tentacles (Abyss:2)
  2 withered plants (D:12)
51 creatures vanquished.

Grand Total: 386 creatures vanquished

Notes
Turn   | Place    | Note
-------+----------+-------------------------------------------
     0 | D:1      | McKennaii the Draconian Conjurer began the quest for the
                  | Orb.
     0 | D:1      | Reached XP level 1. HP: 14/14 MP: 3/3
   235 | D:1      | Reached XP level 2. HP: 19/20 MP: 0/5
   950 | D:2      | Reached XP level 3. HP: 26/26 MP: 2/6
  1492 | D:2      | Reached XP level 4. HP: 11/33 MP: 0/8
  1574 | D:2      | Found a bloodstained altar of Trog.
  1657 | D:2      | Reached skill level 5 in Conjurations
  2138 | D:2      | Found a stormy altar of Qazlal.
  2250 | D:3      | Noticed Natasha
  2257 | D:3      | Killed Natasha
  2257 | D:3      | Reached skill level 3 in Spellcasting
  2509 | D:3      | Noticed Jessica
  2513 | D:3      | Killed Jessica
  2513 | D:3      | Reached XP level 5. HP: 38/38 MP: 4/10
  2598 | D:3      | Noticed Ijyb
  2599 | D:3      | Paralysed by Ijyb for 5 turns
  2610 | D:3      | Paralysed by Ijyb for 6 turns
  2619 | D:3      | Paralysed by Ijyb for 3 turns
  2635 | D:3      | Killed Ijyb
  2707 | D:3      | Found a sparkling altar of Nemelex Xobeh.
  2776 | D:3      | Noticed Natasha
  2781 | D:3      | Killed Natasha
  2968 | D:3      | Reached skill level 4 in Spellcasting
  2968 | D:3      | Reached XP level 6. HP: 12/46 MP: 0/12
  3619 | D:3      | Noticed Natasha
  3625 | D:3      | Killed Natasha
  3961 | D:4      | Found Maser's General Store.
  3969 | D:4      | Bought a +0 pair of gloves for 49 gold pieces
  3979 | D:4      | Learned a level 4 spell: Iskenderun's Mystic Blast
  4008 | D:4      | Reached skill level 5 in Spellcasting
  4204 | D:4      | Found a white marble altar of Elyvilon.
  4310 | D:4      | Your scales start taking on a dull iron-grey colour.
  4310 | D:4      | Reached XP level 7. HP: 47/51 MP: 4/14
  4310 | D:4      | Gained mutation: You can survive without breathing. [Grey
                  | Draconian growth]
  4415 | D:4      | Found a staircase to the Ecumenical Temple.
  4432 | Temple   | Entered the Ecumenical Temple
  4470 | Temple   | Became a worshipper of Sif Muna the Loreminder
  4884 | D:4      | Found a shattered altar of Ashenzari.
  5100 | D:5      | Entered Level 5 of the Dungeon
  5243 | D:5      | Found an iron altar of Okawaru.
  5323 | D:5      | Found a glowing golden altar of the Shining One.
  5522 | D:5      | Reached skill level 1 in Fighting
  5763 | D:5      | Found a shadowy altar of Dithmenos.
  5983 | D:5      | Reached * piety under Sif Muna
  6110 | D:5      | Reached skill level 6 in Spellcasting
  6182 | D:5      | Found a blossoming altar of Fedhas.
  6400 | D:6      | Reached XP level 8. HP: 24/59 MP: 0/17
  6601 | D:6      | Found a basalt altar of Yredelemnul.
  6611 | D:6      | Found Weshrep's Magic Scroll Shop.
  6617 | D:6      | Bought a scroll of teleportation for 45 gold pieces
  6617 | D:6      | Bought a scroll of identify for 30 gold pieces
  6617 | D:6      | Bought a scroll of fear for 52 gold pieces
  6617 | D:6      | Bought a scroll of identify for 30 gold pieces
  6617 | D:6      | Bought a scroll of identify for 30 gold pieces
  6949 | D:6      | Reached skill level 7 in Spellcasting
  7180 | D:7      | Noticed a hornet
  7651 | D:7      | Paralysed by a hornet for 2 turns
  7655 | D:7      | Killed a hornet
  7655 | D:7      | Reached skill level 8 in Spellcasting
  7655 | D:7      | Reached XP level 9. HP: 17/67 MP: 1/21
  7779 | D:7      | Noticed a red ugly thing
  7798 | D:7      | Killed a purple ugly thing
  7798 | D:7      | Reached ** piety under Sif Muna
  8442 | D:8      | Noticed Joseph
  8447 | D:8      | Killed Joseph
  8447 | D:8      | Reached skill level 9 in Spellcasting
  8720 | D:8      | Found a hazy altar of Hepliaklqana.
  8802 | D:8      | Found a shimmering altar of Xom.
  9174 | D:8      | Found an ornate altar of the Wu Jian Council.
  9663 | D:9      | Found a glowing silver altar of Zin.
  9757 | D:9      | Reached skill level 10 in Spellcasting
  9757 | D:9      | Reached XP level 10. HP: 42/74 MP: 22/24
 10141 | D:9      | Reached *** piety under Sif Muna
 10141 | D:9      | Reached skill level 5 in Dodging
 10227 | D:9      | Found Gadaetewn's Armour Boutique.
 10374 | D:9      | Noticed Harold
 10386 | D:9      | Killed Harold
 10518 | D:9      | Found a staircase to the Lair.
 11020 | D:10     | Entered Level 10 of the Dungeon
 11463 | D:10     | Found a staircase to the Orcish Mines.
 11515 | D:10     | Reached skill level 11 in Spellcasting
 12070 | D:10     | Reached **** piety under Sif Muna
 12446 | D:11     | Noticed a gargoyle
 12547 | D:11     | Found Ponas's General Store.
 12767 | D:11     | Killed a gargoyle
 12767 | D:11     | Reached XP level 11. HP: 65/84 MP: 8/26
 13502 | D:12     | Noticed Azrael
 13654 | D:12     | Reached skill level 10 in Conjurations
 15073 | D:12     | Found a runed translucent door.
 15074 | D:12     | Noticed Hatarum's ghost (journeyman DsFi)
 15213 | D:12     | Reached skill level 12 in Spellcasting
 15921 | D:13     | Noticed a deep elf mage
 15928 | D:13     | Killed a deep elf mage
 16080 | D:13     | Identified a scroll of acquirement
 16369 | D:13     | Noticed a brown ugly thing
 16375 | D:13     | Killed a brown ugly thing
 17121 | D:14     | Found a gate to the Vaults.
 17121 | D:14     | Noticed Rupert
 17121 | D:14     | Noticed an orc knight
 17121 | D:14     | Noticed a centaur warrior
 17121 | D:14     | Noticed a deep elf mage
 17121 | D:14     | Noticed a wizard
 17265 | D:14     | Noticed a catoblepas
 17298 | D:14     | HP: 1/85 [catoblepas/blast of calcifying dust (10)]
 17308 | D:14     | Killed a catoblepas
 17308 | D:14     | Reached skill level 5 in Fighting
 17535 | D:14     | Reached ***** piety under Sif Muna
 17535 | D:14     | Identified Voac's Guide on Lethal Displacement (Sif Muna
                  | gifted it to you on level 14 of the Dungeon)
 17535 | D:14     | Received a gift from Sif Muna
 17556 | D:14     | Learned a level 7 spell: Orb of Destruction
 17795 | D:14     | You fall into a shaft and drop 1 floor!
 17795 | D:15     | Entered Level 15 of the Dungeon
 17997 | D:15     | Noticed a four-headed hydra
 18003 | D:15     | Killed a four-headed hydra
 18003 | D:15     | Reached XP level 12. HP: 94/94 MP: 7/28
 18100 | D:15     | Reached skill level 13 in Spellcasting
 18221 | D:15     | Noticed a two-headed ogre
 19097 | D:14     | Cast into level 2 of the Abyss (a wizard)
 19154 | Abyss:2  | Noticed a tentacled starspawn
 19692 | D:14     | Escaped the Abyss
 20239 | D:14     | Killed a centaur warrior
 20239 | D:14     | Reached skill level 1 in Evocations
 20612 | D:14     | Slain by a vampire

Levels and vault maps discovered:
D:1:      minmay_arrival_widening_spiral_wide, layout_loops_ring,
          minmay_misc_feat_diagonals, feat_on_display
D:2:      cheibrodos_helix_gallery, layout_loops_ring,
          nicolae_qazlal_eye_of_the_storm, old_standard_altar, first_ration,
          minmay_misc_feat_roman, hangedman_glass_teeth, corner_web_ring,
          minmay_pentomino_w4, uniq_crazy_yiuf_cottage
D:3:      wad_crossroads, layout_basic, nemelex_xobeh_ov_fountains_minmay,
          uniq_jessica, uniq_natasha, uniq_ijyb
D:4:      layout_basic, nicolae_ashenzari_panopticon, marbit_many_paths,
          minmay_temple_entry_stoned_glass, serial_shops, nicolae_shop_crystal,
          kennysheep_small_square
D:5:      layout_gridville, nicolae_tso_swordbearing_angel,
          kennysheep_okawaru_gauntlet, lemuel_crystal_altar, fedhas_altar_4,
          minmay_misc_feat_pillars
D:6:      layout_basic, yredelemnul_altar_generic, serial_shops, shop
D:7:      layout_loops_ring, the_bakery
D:8:      layout_basic, nicolae_overflow_hidden_temple, lemuel_crystal_altar,
          basic_altar, uniq_joseph
D:9:      layout_loops_cross, lemuel_round_altar, due_lair_maze_entry_diamond,
          serial_shops, nicolae_shop_trees, kennysheep_generic_room_16,
          uniq_harold
D:10:     layout_layer_cave, david_orc_2, kennysheep_generic_room_4
D:11:     layout_long_grid, serial_shops, nicolae_shop_crystal
D:12:     layout_loops_ring, gammafunk_ghost_grave, uniq_azrael
D:13:     layout_layer_cave
D:14:     layout_roguey, david_vaults_3, gammafunk_ghost_split,
          minmay_staircase_statues_hall_small, dk_noncrumbling_3
D:15:     grunt_enter_depths_snipers, layout_stronghold,
          portal_ice_cave_entry_pillars_2, roderic_three_in_a_row,
          minmay_misc_feat_hallway, nrook_guardian_serpent_ordinary, uniq_agnes
Temple:   jpeg_temple_island

Skill      XL: |  1  2  3  4  5  6  7  8  9 10 11 12 |
---------------+-------------------------------------+-----
Dodging        | 2 3 4 5 6 |  6.8
Stealth        | 2 3 |  3.7
Conjurations   | 5 6 7 8 9 10 11 | 11.3
Spellcasting   | 3 4 5 6 8 10 11 12 13 | 13.6
Fighting       | 1 2 4 5 |  5.2
Evocations     | 1 |  1.0

Action                   |  1- 3 |  4- 6 |  7- 9 | 10-12 || total
-------------------------+-------+-------+-------+-------++-------
Melee: Unarmed           |    76 |    16 |   165 |       ||   257
       Tailslap          |     8 |     1 |    35 |    26 ||    70
       Scimitar          |       |       |    94 |   147 ||   241
 Cast: Magic Dart        |    84 |   198 |   326 |   414 ||  1022
       Iskenderun's Myst |       |     1 |    24 |   197 ||   222
Evoke: Wand              |       |       |     2 |     8 ||    10
  Use: Scroll            |       |     1 |    11 |    11 ||    23
       Potion            |       |     3 |     2 |     8 ||    13
  Eat: Chunk             |     3 |     9 |    10 |    20 ||    42
       Ration            |       |       |     3 |     5 ||     8
Armor: Skin              |    18 |    29 |   165 |   189 ||   401
Dodge: Dodged            |    64 |    43 |   199 |   312 ||   618
       Rpst.: Scimitar   |       |       |    26 |    70 ||    96
